 Dungeon Crawl Stone Soup version 0.27-a0-1277-g3808f8b1c9 (webtiles) character file.

Game seed: 11910084938530263319

102414 Conn the Eclecticist (level 15, -2/78 HPs)
             Began as a Deep Elf Hedge Wizard on June 12, 2021.
             Was an Elder of Sif Muna.
             Collided with a stone wall (13 damage)
             ... caused by a deep elf knight
             ... on level 2 of the Elven Halls.
             The game lasted 02:57:05 (35866 turns).

Conn the Eclecticist (Deep Elf Hedge Wizard)       Turns: 35866, Time: 02:57:09

Health: -2/78      AC: 12    Str: 15    XL:     15   Next: 86%
Magic:  0/38       EV: 18    Int: 32    God:    Sif Muna [****..]
Gold:   352        SH:  8    Dex: 22    Spells: 1/49 levels left

rFire    + . .     SeeInvis .   a - +4 short sword (protect)
rCold    + . .     Faith    .   L - +2 buckler {reflect}
rNeg     . . .     Spirit   +   z - +2 robe "Xud Tyuck" {rC+ Will+ Str+6}
rPois    +         Reflect  +   c - +2 hat
rElec    +         Harm     .   v - +1 cloak
rCorr    .         Rampage  .   Q - +0 pair of gloves "Qaudy" {rElec Dex+4}
Will     ++...                  C - +2 pair of boots
Stlth    +++++.....             X - amulet of Autotheism {Spirit rPois Slay+5}
HPRegen  0.23/turn              l - ring "Ycutt" {Int+6 Dex+4}
MPRegen  0.26/turn              O - ring of fire

@: unable to read, channeling
A: cold resistance 1, strong 1, inability to read while threatened, sturdy frame
1
a: Renounce Religion, Channel Magic, Forget Spell, Divine Exegesis


You were on level 2 of the Elven Halls.
You worshipped Sif Muna.
Sif Muna was greatly pleased with you.
You visited 5 branches of the dungeon, and saw 23 of its levels.
You visited 1 bazaar.
You also visited: Ossuary and Ice Cave.

You collected 2014 gold pieces.
You spent 1662 gold pieces at shops.

Inventory:

Hand Weapons
 a - a +4 short sword of protection (weapon)
 f - the +6 morningstar of Valour {vorpal, Str+4}
   (You bought it in a shop on level 1 of the Orcish Mines)

   It inflicts extra damage upon your enemies.
   It affects your strength (+4).
 S - the +10 trident "Toscho Ewene" {vorpal, rElec Int-4 Dex+7}
   (You found it on level 5 of the Lair of Beasts)

   It inflicts extra damage upon your enemies.
   It affects your intelligence (-4).
   It affects your dexterity (+7).
   It insulates you from electricity.
 W - the +7 hand crossbow "Boatic" {freeze, rF+ rC+ Dex+3 Stlth+}
   (You found it in an ice cave)

   It causes projectiles fired from it to freeze those they strike, causing
   extra injury to most foes and up to half again as much damage against
   particularly susceptible opponents.
   They can also slow down cold-blooded creatures.
   It affects your dexterity (+3).
   It protects you from fire.
   It protects you from cold.
   It makes you more stealthy.
Missiles
 e - 34 poisoned darts
 o - 79 sling bullets
 J - 10 curare-tipped darts (quivered)
Armour
 c - a +2 hat (worn)
 k - a +0 kite shield of reflection
 v - a +1 cloak (worn)
 y - the +2 robe "Ramne" {rPois rC+ Dex+2}
   (You bought it in a shop on level 1 of the Elven Halls)

   It affects your dexterity (+2).
   It protects you from cold.
   It protects you from poison.
 z - the +2 robe "Xud Tyuck" (worn) {rC+ Will+ Str+6}
   (You found it on level 8 of the Dungeon)

   It affects your strength (+6).
   It protects you from cold.
   It increases your willpower.
 C - a +2 pair of boots (worn)
 L - a +2 buckler of reflection (worn)
 Q - the +0 pair of gloves "Qaudy" (worn) {rElec Dex+4}
   (You found it on level 5 of the Lair of Beasts)

   It affects your dexterity (+4).
   It insulates you from electricity.
Magical Staves
 b - a staff of poison
 M - a staff of air
 Z - a staff of cold
Jewellery
 l - the ring "Ycutt" (left hand) {Int+6 Dex+4}
   (You bought it in a shop in a bazaar)

   [ring of intelligence]

   It affects your intelligence (+6).
   It affects your dexterity (+4).
 m - an amulet of the acrobat
 r - an amulet of magic regeneration
 B - a +4 ring of protection
 G - the ring of Piobiew {Ice rN+++ Will- Int+4 SInv}
   (You bought it in a shop in a bazaar)

   [ring of ice]

   It enhances your ice magic.
   It affects your intelligence (+4).
   It makes you vulnerable to fire.
   It protects you from cold.
   It renders you almost immune to negative energy.
   It lets you see invisible.
   It decreases your willpower.
 I - a ring of ice
 K - a ring of protection from fire
 O - a ring of fire (right hand)
 T - a +6 ring of strength
 X - the amulet of Autotheism (around neck) {Spirit rPois Slay+5}
   (You found it in an ice cave)

   [amulet of guardian spirit]

   It causes incoming damage to be divided between your reserves of health and
   magic.
   It affects your accuracy and damage with ranged weapons and melee attacks
   (+5).
   It protects you from poison.
Wands
 q - a wand of polymorph (7)
 s - a wand of charming (4)
 x - a wand of acid (8)
 P - a wand of paralysis (18)
Scrolls
 g - 6 scrolls of blinking
 i - 19 scrolls of identify
 p - a scroll of fog
 t - 5 scrolls of fear
 A - 13 scrolls of teleportation
 F - a scroll of magic mapping
 Y - a scroll of brand weapon
Potions
 d - a potion of mutation
 h - 2 potions of haste
 j - 3 potions of flight
 n - 7 potions of curing
 u - a potion of cancellation {unknown}
 w - a potion of heal wounds
 E - 3 potions of brilliance
 R - a potion of lignification
 V - a potion of might
Miscellaneous
 D - a lightning rod (4/4)
 H - a phantom mirror


   Skills:
 + Level 3.1 Fighting
 + Level 7.3 Short Blades
 + Level 1.0 Throwing
 + Level 8.0 Dodging
 + Level 11.1 Stealth
 * Level 3.9 Shields
 + Level 17.8 Spellcasting
 * Level 13.4 Conjurations
 + Level 0.4 Hexes
 + Level 5.2 Summonings
 + Level 7.2 Translocations
 + Level 2.3 Transmutations
 + Level 6.0 Fire Magic
 + Level 6.0 Air Magic
 + Level 10.9 Earth Magic
 - Level 4.0 Poison Magic
 + Level 6.1 Invocations
 + Level 2.4 Evocations


You had one spell level left.
You knew the following spells:

 Your Spells              Type           Power      Damage    Failure   Level
a - Magic Dart            Conj           100%       1d8       0%          1
b - Blink                 Tloc           N/A        N/A       1%          2
c - Call Imp              Summ           58%        N/A       1%          2
d - Orb of Destruction    Conj           42%        9d14      4%          7
e - Conjure Flame         Conj/Fire      94%        6-21      1%          3
f - Mephitic Cloud        Conj/Pois/Air  68%        N/A       1%          3
g - Stone Arrow           Conj/Erth      100%       3d13      1%          3
h - Lee's Rapid Deconstr  Erth           39%        3d20*     1%          5
i - Searing Ray           Conj           100%       3d7       0%          2
j - Iskenderun's Mystic   Conj/Tloc      76%        2d15      1%          4
k - Passwall              Tmut/Erth      52%        N/A       1%          2
l - Ignite Poison         Fire/Tmut/Pois 70%        N/A       1%          3
m - Bolt of Magma         Conj/Fire/Erth 48%        4d20      1%          5
n - Iron Shot             Conj/Erth      41%        9d8       1%          6

Your spell library contained the following spells:

 Spells                   Type           Power      Damage    Failure   Level
 Sandblast                Erth           100%       2d20      0%          1
 Animate Skeleton         Necr           56%        N/A       1%          1
 Apportation              Tloc           100%       N/A       1%          1
 Corona                   Hex            34%        N/A       1%          1
 Foxfire                  Conj/Fire      100%       2x1d9     1%          1
 Pain                     Necr           100%       1d9       1%          1
 Shock                    Conj/Air       100%       1d9       1%          1
 Sting                    Tmut/Pois      100%       1d8       1%          1
 Summon Small Mammal      Summ           100%       N/A       1%          1
 Poisonous Vapours        Pois/Air       100%       N/A       1%          2
 Slow                     Hex            31%        N/A       1%          2
 Sublimation of Blood     Necr           14%        N/A       1%          2
 Dazzling Flash           Conj/Hex       100%       N/A       1%          3
 Inner Flame              Hex/Fire       65%        N/A       1%          3
 Portal Projectile        Hex/Tloc       100%       N/A       1%          3
 Animate Armour           Summ/Erth      100%       N/A       1%          4
 Fulminant Prism          Conj/Hex       32%        3d16      1%          4
 Leda's Liquefaction      Hex/Erth       30%        N/A       1%          4
 Petrify                  Tmut/Erth      63%        N/A       1%          4
 Summon Lightning Spire   Summ/Air       59%        N/A       1%          4
 Irradiate                Conj/Tmut      34%        3d25      1%          5
 Iskenderun's Battlesphe  Conj           85%        2d13      1%          5
 Olgreb's Toxic Radiance  Pois           53%        N/A       2%          4
 Vampiric Draining        Necr           14%        2d8       4%          3
 Cause Fear               Hex            15%        N/A       11%         4
 Dispersal                Tloc           33%        N/A       11%         6
 Animate Dead             Necr           14%        N/A       14%         4
 Statue Form              Tmut/Erth      42%        N/A       14%         6
 Agony                    Necr           28%        N/A       36%         5
 Blade Hands              Tmut           21%        N/A       63%         6
 Simulacrum               Ice/Necr       14%        N/A       91%         6
 Storm Form               Tmut/Air       26%        N/A       91%         7
 Dragon Form              Tmut           21%        N/A       99%         7
 Haunt                    Necr/Summ      22%        N/A       99%         7
 Borgnjor's Revivificati  Necr           14%        N/A       100%        8
 Shatter                  Erth           39%        3d31*     100%        9


Dungeon Overview and Level Annotations

Branches:
Dungeon (11/15)            Temple (1/1) D:7            Lair (6/6) D:8
  Swamp (0/4) Lair:4        Snake (0/4) Lair:4        Slime (0/5) Lair:6
    Orc (2/2) D:11            Elf (3/3) Orc:2       Ossuary (visited)
  IceCv (visited)

Altars:
Ashenzari
Cheibriados
Dithmenos
Elyvilon
Fedhas
Gozag
Hepliaklqana
Kikubaaqudgha
Makhleb
Nemelex Xobeh
Okawaru
Qazlal
Ru
Sif Muna
Trog
Uskayaw
Vehumet
Wu Jian
Xom
Yredelemnul
Zin
The Shining One
Jiyva

Shops:
D:3 ?:   D:9 ?   D:11 :   Orc:1 (   Orc:2 ![*(   Elf:1 [

Annotations:
D:11 3 runed translucent doors, DeathSun's ghost, journeyman GrFi


Innate Abilities, Weirdness & Mutations

Your flesh is cold resistant. (rC+)
Your muscles are strong. (Str +2)
You sometimes lose the ability to read scrolls when taking damage.
Your movements are slightly less encumbered by armour. (ER -2)


Message History

Confirm with . or Enter, or press ? or * to list all spells.
Aiming: Iron Shot (dangerous; 1% risk of failure)
Press: ? - help, Shift-Dir - straight line The iron shot hits something!!
You hear a loud twanging sound.
An arrow appears from out of thin air!
You reflect the arrow off your +2 buckler of reflection!
Sif Muna accepts your kill.
Reactivating autopickup.
You feel a bit more experienced. Something hits you!
* * * LOW HITPOINT WARNING * * *
Deactivating autopickup; reactivate with Ctrl-A.
Something hits you!
* * * LOW HITPOINT WARNING * * *
Your Dodging skill increases to level 8!
You feel much better.
You hear some strange, mumbled words.
A lance of force appears from out of thin air!
The lance of force hits you.
You are knocked back by the lance of force.
You slam into the stone wall!
* * * LOW HITPOINT WARNING * * *
Casting: Iron Shot (dangerous; 1% risk of failure)
Confirm with . or Enter, or press ? or * to list all spells.
Okay, then.
Unknown command.
Aiming: Thunderbolt
Press: ? - help, Shift-Dir - straight line
Okay, then.
Casting: Iron Shot (dangerous; 1% risk of failure)
Confirm with . or Enter, or press ? or * to list all spells.
Okay, then.
You feel better.
You hear some strange, mumbled words.
A lance of force appears from out of thin air!
The lance of force hits you!
* * * LOW HITPOINT WARNING * * *
You are knocked back by the lance of force.
You slam into the stone wall!
You die...

#.....## #############**
#......###.#.......#.##
##......#.#...#.#...#.#
##.....##.#..###..#.##
##....{#...#..#..#...#
##......'....).#.)....###
#.......'.##...#...##...#
##.....^'..#########....#
#.......')##@..#...##...#####
##......'.)..).#.....).......
##.....#.{.#..#..#...#######
##.....##.#..###..#.##
##......#.#...#.#...#.#
#......###.#.......#.##
#.....## #############**
##.....#***,****,****,,**
##.....#*,,,**,,,**,,,,**


There were no monsters in sight!

Vanquished Creatures
  Jorgrun (Elf:1)
  Frances (Elf:1)
  Donald (Orc:2)
  Aizul (Elf:2)
  The ghost of Naivonosm the Eclecticist, a journeyman DEIE of Vehumet (Elf:3)
  A deep elf annihilator (Elf:1)
  8 hydras
  A deep elf high priest (Elf:1)
  2 ogre magi (Orc:2)
  A merfolk avatar (Lair:6)
  10 dancing weapons
  8 two-headed ogres
  6 death yaks
  An orc high priest (Orc:2)
  7 deep elf knights
  Sonja (Lair:5)
  4 skeletal warriors (D:10)
  A sea snake (Lair:6)
  2 deep trolls
  2 swamp dragons (Lair:5)
  3 deep elf archers
  A harpy (Lair:6)
  16 deep elf zephyrmancers
  17 deep elf pyromancers
  2 orc sorcerers
  4 cyclopes (Orc:2)
  2 oklob plants (Lair:2)
  2 ugly things (IceCv)
  2 manticores (Lair:6)
  3 ice statues (IceCv)
  3 black mambas
  10 elephants
  A gargoyle (D:8)
  A torpor snail (Lair:5)
  17 cane toads
  3 kobold demonologists (D:9)
  8 rime drakes
  7 komodo dragons
  2 ice devils (D:11)
  2 tyrant leeches (Lair:4)
  10 trolls
  4 hornets (Lair:6)
  2 wind drakes (Lair:6)
  3 polar bears
  22 blink frogs
  17 dream sheep
  3 air elementals
  Sigmund (D:2)
  5 wyverns
  2 fire elementals
  A water elemental (Elf:1)
  29 yaks
  4 basilisks
  A vampire mosquito (Lair:5)
  2 swamp worms (Lair:4)
  A warg (Orc:2)
  5 nagas (Lair:4)
  15 water moccasins
  2 acid dragons (D:11)
  Duvessa (D:4)
  6 ice beasts (IceCv)
  3 black bears
  7 orc warriors
  5 necrophages (Lair:2)
  18 ogres
  4 centaurs
  5 wolves (Lair:4)
  3 kobold brigands
  A phantom (D:7)
  Dowan (D:4)
  A gnoll sergeant (D:8)
  An earth elemental (Elf:2)
  8 bullfrogs
  A scorpion (D:5)
  16 killer bees
  A howler monkey (D:10)
  5 centaur zombies
  A jelly (D:6)
  10 orc priests
  3 hounds
  A gnoll shaman (D:8)
  A centaur skeleton (D:6)
  An iguana (D:6)
  Natasha (twice) (D:2)
  13 orc wizards
  A hound zombie (D:5)
  2 mummies
  A hound skeleton (D:4)
  4 gnolls (D:8)
  4 adders
  2 shadow imps
  A white imp (D:7)
  3 adder zombies (Ossuary)
  4 dart slugs
  53 orcs
  6 bats
  3 endoplasms
  A giant cockroach (D:4)
  9 goblins
  9 hobgoblins
  7 jackals (D:1)
  4 quokkas
  12 ball pythons
  3 frilled lizards
  3 hobgoblin zombies (Ossuary)
  6 jackal zombies (Ossuary)
  13 kobolds
  18 kobold zombies (Ossuary)
  5 orc zombies (Ossuary)
  7 rats
  2 rat zombies (Ossuary)
597 creatures vanquished.

Vanquished Creatures (collateral kills)
  A hydra (Lair:5)
  A deep elf zephyrmancer (Elf:1)
  A komodo dragon (D:5)
  A scorpion (D:5)
  A water moccasin zombie (D:5)
  A killer bee (D:9)
  A hound (D:5)
  A centaur skeleton (D:6)
  2 iguanas
  Natasha (D:2)
  A mummy (Ossuary)
  An endoplasm (D:2)
  A hobgoblin (D:2)
  A kobold (D:8)
15 creatures vanquished.

Vanquished Creatures (others)
  An orc wizard (D:8)
  3 bushes (Lair:5)
  80 fungi
  90 plants
174 creatures vanquished.

Grand Total: 786 creatures vanquished

Notes
Turn   | Place    | Note
-------+----------+-------------------------------------------
     0 | D:1      | Conn the Deep Elf Hedge Wizard began the quest for the Orb.
     0 | D:1      | Reached XP level 1. HP: 10/10 MP: 7/7
   137 | D:1      | Reached XP level 2. HP: 1/15 MP: 0/9
   442 | D:1      | Reached skill level 5 in Spellcasting
  1261 | D:1      | Reached XP level 3. HP: 19/19 MP: 9/11
  1786 | D:1      | Learned a level 2 spell: Blink
  1789 | D:1      | Learned a level 2 spell: Call Imp
  1792 | D:1      | Learned a level 2 spell: Slow
  1796 | D:1      | Learned a level 3 spell: Conjure Flame
  2161 | D:2      | Noticed Sigmund
  2185 | D:2      | Killed Sigmund
  2186 | D:2      | Reached XP level 4. HP: 18/24 MP: 1/13
  2186 | D:2      | Reached XP level 5. HP: 21/28 MP: 1/15
  2413 | D:2      | Learned a level 3 spell: Mephitic Cloud
  2509 | D:2      | Noticed Natasha
  2538 | D:2      | Killed Natasha
  2696 | D:2      | Noticed Natasha
  2709 | D:2      | Killed Natasha
  3048 | D:2      | Noticed Natasha
  3061 | D:2      | Killed Natasha
  3880 | D:3      | Found Miarghih's Book Shoppe.
  4155 | D:3      | Found Kirops's Magic Scroll Shoppe.
  4160 | D:3      | Bought a scroll of blinking for 97 gold pieces
  4272 | D:4      | Reached skill level 1 in Fire Magic
  4272 | D:4      | Reached XP level 6. HP: 32/32 MP: 13/16
  4434 | D:4      | You fall into a shaft and drop 1 floor!
  4434 | D:5      | Entered Level 5 of the Dungeon
  4453 | D:5      | Reached skill level 6 in Spellcasting
  4817 | D:5      | Reached skill level 1 in Short Blades
  5262 | D:4      | Noticed Dowan
  5264 | D:4      | Noticed Duvessa
  5276 | D:4      | Killed Duvessa
  5277 | D:4      | Reached skill level 1 in Poison Magic
  5277 | D:4      | Reached XP level 7. HP: 34/37 MP: 11/18
  5291 | D:4      | Killed Dowan
  5292 | D:4      | Reached skill level 1 in Air Magic
  6071 | D:5      | Learned a level 3 spell: Stone Arrow
  6788 | D:5      | Found a blossoming altar of Fedhas.
  6854 | D:5      | Noticed a komodo dragon
  7633 | D:5      | Killed a komodo dragon
  7634 | D:5      | Reached skill level 7 in Spellcasting
  7634 | D:5      | Reached skill level 1 in Earth Magic
  7634 | D:5      | Reached XP level 8. HP: 42/42 MP: 5/20
  8794 | D:7      | Found a staircase to the Ecumenical Temple.
  8801 | Temple   | Entered the Ecumenical Temple
  8909 | Temple   | Became a worshipper of Sif Muna the Loreminder
  9026 | D:7      | Found a sand-covered staircase.
  9035 | Ossuary  | Entered an ossuary
  9474 | Ossuary  | Reached * piety under Sif Muna
  9814 | D:7      | Gained mutation: Your muscles are strong. (Str +2) [potion
                  | of mutation]
  9814 | D:7      | Gained mutation: You sometimes lose the ability to read
                  | scrolls when taking damage. [potion of mutation]
  9814 | D:7      | Gained mutation: Your flesh is cold resistant. (rC+)
                  | [potion of mutation]
  9814 | D:7      | Gained mutation: Your movements are slightly less
                  | encumbered by armour. (ER -2) [potion of mutation]
 10687 | D:8      | Identified the +2 robe "Xud Tyuck" {rC+ Will+ Str+6}
 10943 | D:8      | Noticed a gargoyle
 10958 | D:8      | Killed a gargoyle
 10959 | D:8      | Reached skill level 8 in Spellcasting
 10959 | D:8      | Reached XP level 9. HP: 12/46 MP: 0/23
 11256 | D:8      | Found a staircase to the Lair.
 11300 | D:8      | Reached skill level 1 in Invocations
 11301 | D:8      | Reached ** piety under Sif Muna
 11340 | D:8      | Noticed a death yak
 11534 | D:8      | Learned a level 5 spell: Lee's Rapid Deconstruction
 11645 | D:8      | Killed a death yak
 11646 | D:8      | Reached skill level 1 in Fighting
 11646 | D:8      | Reached skill level 5 in Summonings
 12344 | D:8      | Reached skill level 1 in Throwing
 12695 | D:9      | Reached skill level 9 in Spellcasting
 12695 | D:9      | Reached XP level 10. HP: 39/52 MP: 15/25
 12716 | D:9      | Reached skill level 5 in Dodging
 13002 | D:9      | Found Xuenecauri's Magic Scroll Emporium.
 13167 | D:9      | Reached skill level 5 in Stealth
 13195 | D:9      | Reached skill level 5 in Earth Magic
 13314 | D:9      | Noticed a sun demon
 13464 | D:9      | Learned a level 2 spell: Searing Ray
 13469 | D:9      | Learned a level 4 spell: Iskenderun's Mystic Blast
 13473 | D:9      | Reached *** piety under Sif Muna
 13503 | D:9      | Reached skill level 5 in Conjurations
 13929 | D:10     | Entered Level 10 of the Dungeon
 14275 | Lair:1   | Entered Level 1 of the Lair of Beasts
 14511 | Lair:1   | Noticed a cane toad
 14525 | Lair:1   | Killed a cane toad
 14958 | Lair:1   | Reached skill level 10 in Spellcasting
 15220 | Lair:1   | Noticed a seven-headed hydra
 15240 | Lair:1   | Killed a seven-headed hydra
 15241 | Lair:1   | Reached XP level 11. HP: 57/57 MP: 9/27
 15356 | Lair:1   | Noticed a five-headed hydra
 15377 | Lair:1   | Killed a five-headed hydra
 15378 | Lair:1   | Reached skill level 5 in Invocations
 16250 | Lair:2   | Reached skill level 1 in Evocations
 16532 | Lair:1   | Reached skill level 5 in Translocations
 16967 | Lair:2   | Reached skill level 11 in Spellcasting
 16984 | Lair:2   | Reached **** piety under Sif Muna
 16986 | Lair:2   | Noticed an oklob plant
 16986 | Lair:2   | Noticed an oklob plant
 17441 | Lair:3   | Noticed a four-headed hydra
 17848 | Lair:2   | Killed an oklob plant
 18022 | Lair:2   | Killed an oklob plant
 18023 | Lair:2   | Reached XP level 12. HP: 62/62 MP: 16/29
 18183 | Lair:3   | Killed a four-headed hydra
 18183 | Lair:3   | Noticed a seven-headed hydra
 18205 | Lair:3   | Killed a seven-headed hydra
 18895 | Lair:4   | Found a staircase to the Swamp.
 19272 | Lair:4   | Reached skill level 12 in Spellcasting
 19995 | Lair:4   | Noticed a six-headed hydra
 20016 | Lair:4   | Killed a six-headed hydra
 20061 | Lair:4   | Reached skill level 13 in Spellcasting
 20247 | Lair:4   | Found a staircase to the Snake Pit.
 20283 | Lair:4   | Reached skill level 5 in Short Blades
 20733 | Lair:4   | Reached ***** piety under Sif Muna
 20939 | Lair:5   | Noticed a five-headed hydra
 20939 | Lair:5   | Noticed an eight-headed hydra
 20939 | Lair:5   | Noticed Sonja
 20965 | Lair:4   | Learned a level 2 spell: Passwall
 21181 | Lair:5   | Killed a five-headed hydra
 21181 | Lair:5   | Identified Hown's Grimoire of Transmigration and Black
                  | Secrets (Sif Muna gifted it to you on level 5 of the Lair
                  | of Beasts)
 21181 | Lair:5   | Received a gift from Sif Muna
 21187 | Lair:5   | Learned a level 3 spell: Ignite Poison
 21211 | Lair:5   | Reached skill level 1 in Transmutations
 21354 | Lair:5   | Killed an eight-headed hydra
 21355 | Lair:5   | Reached XP level 13. HP: 66/66 MP: 16/32
 21685 | Lair:5   | Identified the +0 pair of gloves "Qaudy" {rElec Dex+4}
 21761 | Lair:4   | HP: 3/66 [poisoned by a swamp dragon (blast of poison)]
 22344 | Lair:5   | Reached skill level 14 in Spellcasting
 22790 | Lair:5   | Killed Sonja
 22882 | Lair:5   | Identified the +10 trident "Toscho Ewene" {vorpal, rElec
                  | Int-4 Dex+7}
 23426 | Lair:6   | Entered Level 6 of the Lair of Beasts
 23451 | Lair:6   | Reached skill level 10 in Conjurations
 24173 | D:10     | Reached skill level 15 in Spellcasting
 25062 | D:11     | Found a runed translucent gate.
 25063 | D:11     | Noticed DeathSun's ghost (journeyman GrFi)
 25066 | D:11     | Found a runed translucent gate.
 25066 | D:11     | Found a staircase to the Orcish Mines.
 25067 | D:11     | Found a runed translucent gate.
 25109 | D:11     | Identified a scroll of acquirement
 25109 | D:11     | Acquired the Grimoire of Attacks
 25118 | D:11     | Learned a level 5 spell: Bolt of Magma
 25184 | D:11     | Found Peevut's Book Emporium.
 25517 | D:11     | Found a frozen archway.
 25527 | IceCv    | Entered an ice cave
 25529 | IceCv    | Identified Sif Muna's Disquisition on the Mountains and
                  | Translocation (Sif Muna gifted it to you in an ice cave)
 25529 | IceCv    | Received a gift from Sif Muna
 25917 | IceCv    | Identified the +7 hand crossbow "Boatic" {freeze, rF+ rC+
                  | Dex+3 Stlth+}
 25926 | IceCv    | Identified the amulet of Autotheism {Spirit rPois Slay+5}
 26339 | Lair:4   | Identified the +2 scale mail of Xupesef {Harm rPois}
 26422 | Lair:6   | Reached skill level 5 in Fire Magic
 26571 | Lair:6   | Reached XP level 14. HP: 40/72 MP: 5/35
 26945 | Lair:6   | Found a viscous altar of Jiyva.
 26946 | Lair:6   | Found a staircase to the Slime Pits.
 27387 | Lair:6   | Reached skill level 10 in Earth Magic
 27540 | Lair:6   | Identified the Reference Book on Flying Earth
 28244 | Lair:6   | Reached skill level 5 in Air Magic
 28518 | Lair:6   | Reached skill level 16 in Spellcasting
 28950 | Lair:6   | Learned a level 6 spell: Iron Shot
 29187 | Orc:1    | Entered Level 1 of the Orcish Mines
 29285 | Orc:1    | Found Ruafauf's Antique Weapon Shoppe.
 29292 | Orc:1    | Bought a masterwork morningstar for 288 gold pieces
 29292 | Orc:1    | Identified the +6 morningstar of Valour {vorpal, Str+4}
                  | (You bought it in a shop on level 1 of the Orcish Mines)
 29540 | Orc:2    | Entered Level 2 of the Orcish Mines
 29540 | Orc:2    | Found a staircase to the Elven Halls.
 29547 | Orc:2    | Noticed Donald
 29560 | Orc:2    | Killed Donald
 30787 | Orc:2    | Received a gift from Sif Muna
 31557 | Orc:2    | Found Ganiun's Antique Weapon Emporium.
 31558 | Orc:2    | Found Voarugul's Distillery.
 31559 | Orc:2    | Found Pumit's Antique Armour Shoppe.
 31559 | Orc:2    | Found Ohowiet's General Store.
 31597 | Orc:2    | Bought a potion of heal wounds for 80 gold pieces
 31597 | Orc:2    | Bought a potion of heal wounds for 80 gold pieces
 31997 | Elf:1    | Entered Level 1 of the Elven Halls
 32015 | Elf:1    | Found a radiant altar of Vehumet.
 32254 | Elf:1    | Reached skill level 1 in Shields
 32254 | Elf:1    | Reached XP level 15. HP: 76/76 MP: 17/37
 32375 | Elf:1    | Noticed Jorgrun
 32389 | Elf:1    | Killed Jorgrun
 32390 | Elf:1    | Reached skill level 17 in Spellcasting
 33174 | Elf:1    | Noticed Frances
 33182 | Elf:1    | Killed Frances
 33761 | Elf:1    | Reached skill level 10 in Stealth
 33832 | Elf:1    | Found Hiymepn's Antique Armour Emporium.
 33865 | Elf:1    | Bought a transparent robe for 171 gold pieces
 33865 | Elf:1    | Identified the +2 robe "Ramne" {rPois rC+ Dex+2} (You
                  | bought it in a shop on level 1 of the Elven Halls)
 34598 | Elf:2    | Found a flickering gateway to a bazaar.
 34607 | Bazaar   | Entered a bazaar
 34609 | Bazaar   | Found Juid's General Store.
 34609 | Bazaar   | Found Iroal's Jewellery Boutique.
 34626 | Bazaar   | Found Etiafeat's Weapon Shop.
 34680 | Bazaar   | Found Jittiore's Jewellery Boutique.
 34718 | Bazaar   | Bought the ring "Ycutt" {Int+6 Dex+4} for 517 gold pieces
 34718 | Bazaar   | Bought the ring of Piobiew {Ice rN+++ Will- Int+4 SInv} for
                  | 429 gold pieces
 34785 | Elf:2    | Acquired a +2 buckler of reflection
 34800 | Elf:2    | Learned a level 7 spell: Orb of Destruction
 34824 | Elf:2    | Paralysed by an air elemental for 1 turns
 34895 | Elf:3    | Entered Level 3 of the Elven Halls
 35108 | Elf:3    | Found a runed translucent door.
 35108 | Elf:3    | Noticed Naivonosm's ghost (journeyman DEIE)
 35114 | Elf:3    | Killed Naivonosm's ghost
 35225 | Elf:2    | Found a radiant altar of Vehumet.
 35229 | Elf:2    | Paralysed by an air elemental for 1 turns
 35642 | Elf:2    | Found a huge runed translucent gate.
 35642 | Elf:2    | Found a huge runed translucent gate.
 35643 | Elf:2    | Found a huge runed translucent gate.
 35644 | Elf:2    | Found a huge runed translucent gate.
 35650 | Elf:2    | Found a huge runed translucent gate.
 35841 | Elf:2    | Noticed Aizul
 35850 | Elf:2    | Killed Aizul
 35866 | Elf:2    | Collided with a stone wall

Illustrated notes

Levels and vault maps discovered:
D:1:      minmay_arrival_loop, layout_loops_ring
D:2:      layout_basic, uniq_sigmund, uniq_natasha
D:3:      layout_loops_ring, serial_shops, shop, nicolae_shop_trees
D:4:      layout_basic, uniq_duvessa
D:5:      layout_gridville, marbit_many_paths, serial_park_tiny_1
D:6:      layout_basic
D:7:      layout_basic, temple_green, gup_ossuary_entry_pyramid
D:8:      layout_gridville, david_lair_generic, kennysheep_generic_room_11
D:9:      layout_small_grid, serial_shops, kennysheep_mini_moat
D:10:     layout_cave_pools
D:11:     layout_long_grid, orc_0_dummy, serial_shops, shop,
          portal_ice_cave_demonic_guard, ebering_ghost_rock_garden
Temple:   kilobyte_greek_temple
Lair:1:   layout_cave_pods
Lair:2:   layout_long_grid, minmay_hedge_maze, roderic_carrion_pond,
          minmay_lair_oklob_chamber
Lair:3:   layout_long_grid, grunt_megastairs_1
Lair:4:   layout_long_grid, minmay_swamp_entry_worms,
          minmay_snake_entry_guardpost_medium
Lair:5:   layout_roguey, pond, uniq_sonja
Lair:6:   gammafunk_lair_ancient_temple, layout_cave_pods, slime_altar_1
Orc:1:    layout_caves, serial_shops, nicolae_shop_trees
Orc:2:    st_orc_open, layout_caves, uniq_donald
Elf:1:    eino_elf_arrival_altar, layout_gridlike, serial_shops,
          nicolae_shop_crystal, hangedman_elf_represent, columned_hall_lemuel,
          uniq_jorgrun, uniq_frances
Elf:2:    layout_geoelf_diagonals, serial_shops, bzr_entry_islet, basic_altar,
          uniq_aizul
Elf:3:    minmay_elf_hall_statues, layout_geoelf_castle, gammafunk_ghost_grave

Skill      XL: |  1  2  3  4  5  6  7  8  9 10 11 12 13 14 15 |
---------------+----------------------------------------------+-----
Spellcasting   | 5 6 7 8 9 10 11 13 15 16 17 | 17.8
Stealth        | 3 4 5 7 8 9 11 | 11.1
Dodging        | 3 4 5 6 7 8 |  8.0
Conjurations   | 2 3 4 5 7 9 10 12 13 | 13.4
Translocations | 2 3 4 5 6 7 |  7.2
Summonings     | 3 4 5 |  5.2
Fire Magic     | 1 3 4 5 6 |  6.0
Short Blades   | 1 2 3 4 5 6 7 |  7.3
Poison Magic   | 1 2 3 4 |  4.0
Air Magic      | 1 3 4 5 6 |  6.0
Earth Magic    | 1 3 4 6 8 9 10 | 10.9
Invocations    | 3 4 5 6 |  6.1
Fighting       | 1 2 3 |  3.1
Throwing       | 1 |  1.0
Evocations     | 1 2 |  2.4
Transmutations | 1 2 |  2.3
Shields        | 1 3 |  3.9
Hexes          | |  0.4

Action                   |  1- 3 |  4- 6 |  7- 9 | 10-12 | 13-15 || total
-------------------------+-------+-------+-------+-------+-------++-------
Melee: Dagger            |    28 |    20 |       |       |       ||    48
       Short sword       |       |    26 |   249 |   190 |   384 ||   849
Throw: Dart              |     2 |     2 |     2 |     3 |       ||     9
 Cast: Magic Dart        |   101 |    96 |   214 |   122 |   120 ||   653
       Call Imp          |     4 |    24 |    27 |     5 |       ||    60
       Blink             |       |     3 |    25 |    42 |    22 ||    92
       Mephitic Cloud    |       |     1 |    30 |    47 |   137 ||   215
       Slow              |       |     1 |     4 |       |     1 ||     6
       Conjure Flame     |       |     1 |     6 |     7 |     5 ||    19
       Stone Arrow       |       |       |    14 |    66 |    38 ||   118
       Searing Ray       |       |       |       |    40 |     8 ||    48
       Iskenderun's Myst |       |       |       |    44 |    71 ||   115
       Lee's Rapid Decon |       |       |       |    12 |    47 ||    59
       Passwall          |       |       |       |     2 |       ||     2
       Bolt of Magma     |       |       |       |       |    61 ||    61
       Ignite Poison     |       |       |       |       |    21 ||    21
       Iron Shot         |       |       |       |       |    15 ||    15
Invok: Channel Magic     |       |       |       |     1 |     2 ||     3
       Forget Spell      |       |       |       |       |     1 ||     1
Evoke: Wand              |       |       |     2 |    17 |     1 ||    20
       Lightning rod     |       |       |       |     2 |     2 ||     4
       Phantom mirror    |       |       |       |       |     1 ||     1
  Use: Potion            |     2 |     2 |    10 |     2 |     6 ||    22
       Scroll            |       |     7 |     5 |     5 |     8 ||    25
 Stab: Sleeping          |     1 |     5 |     3 |     6 |    18 ||    33
       Confused          |       |       |    12 |    23 |    54 ||    89
       Distracted        |       |       |       |     1 |       ||     1
Armor: Robe              |     8 |    12 |   141 |    97 |   135 ||   393
       Skin              |       |       |    62 |       |       ||    62
Dodge: Dodged            |    46 |    40 |   254 |   210 |   271 ||   821
Block: Buckler           |       |       |       |       |     3 ||     3
       Reflection        |       |       |       |       |     1 ||     1

Table legend: (Time is in decaauts)
 A = Elapsed time spent in this place.
 B = Non-inter-level travel time spent in this place.
 C = Inter-level travel time spent in this place.
 D = Time resting spent in this place.
 E = Time spent auto-exploring this place.
 F = Levels seen in this place.
 G = Mean time per level.
                   A        B        C        D        E       F      G
               +--------+--------+--------+--------+--------+-----+--------+
         Total |  35876 |  34865 |   1011 |   7608 |  17790 |  26 | 1379.8 |
       Dungeon |  15388 |  14949 |    439 |   2090 |   8864 |  11 | 1398.9 |
        Temple |    150 |    110 |     40 |      0 |     91 |   1 |  150.0 |
          Lair |  12482 |  11967 |    515 |   3392 |   5611 |   6 | 2080.3 |
  Orcish Mines |   2977 |   2977 |      0 |   1162 |    957 |   2 | 1488.5 |
   Elven Halls |   3525 |   3508 |     17 |    686 |   1795 |   3 | 1175.0 |
        Bazaar |    136 |    136 |      0 |      0 |      0 |   1 |  136.0 |
       Ossuary |    774 |    774 |      0 |      0 |    472 |   1 |  774.0 |
      Ice Cave |    440 |    440 |      0 |    278 |      0 |   1 |  440.0 |
               +--------+--------+--------+--------+--------+-----+--------+

Top non-repeatable levels by time:
  Lair:4: 2613 daAuts
   Elf:1: 2388 daAuts
  Lair:5: 2365 daAuts
  Lair:6: 2322 daAuts
  Lair:1: 2146 daAuts
     D:8: 2001 daAuts
   Orc:1: 1985 daAuts
  Lair:2: 1843 daAuts
     D:1: 1842 daAuts
     D:5: 1834 daAuts
     D:9: 1793 daAuts
     D:4: 1546 daAuts
     D:2: 1494 daAuts
     D:7: 1286 daAuts
  Lair:3: 1191 daAuts
